AoeStats
← StormBlessed

Arena

510372224Analyzed
1v1 RM · 2d ago on Sep 30, 2026· 41m 6s· 2 players
Game mode
Random Map
Map size
Tiny (2 player)
Population
200
Speed
Normal
Resources
Standard
Victory
Conquest
Starting age
Dark Age
Ending age
Imperial Age
RankedLock teamsTeams togetherTeam positionsShared explorationLock speedFull tech treeHidden civsTurbo modeCheats
Victory
Defeat
🇺🇸 Lithuanians · United States
927
+15
🇫🇷 Persians · France
898
-15
StormBlessed
11:02 Feudal Age
14:51 Castle Age
12:49 Double-Bit Axe
13:03 Horse Collar
16:37 Light Cavalry
21:39 Heavy Plow
29:40 Imperial Age
28:37 Wheelbarrow
27:49 Town Watch
28:22 Scale Barding Armor
28:28 Forging
28:51 Bloodlines
28:43 Husbandry
28:57 Town Patrol
29:54 Cavalier
30:56 Chain Barding Armor
31:12 Iron Casting
31:35 Crop Rotation
32:21 Plate Barding Armor
34:07 Fletching
35:32 Paladin
arocena.pablo
8:09 Loom
10:54 Feudal Age
15:19 Castle Age
13:59 Double-Bit Axe
14:04 Horse Collar
16:53 Pikeman
18:15 Bow Saw
20:37 Gold Mining
23:08 Heavy Plow
25:42 Gold Shaft Mining
24:59 Stone Mining
26:53 Kamandaran
29:27 Wheelbarrow
31:41 Imperial Age
29:00 Town Watch
30:12 Stone Shaft Mining
30:10 Crossbowman
30:56 Thumb Ring
30:54 Padded Archer Armor
30:45 Fletching
31:06 Forging
31:03 Scale Barding Armor
32:21 Conscription
33:12 Ballistics
33:52 Chemistry
33:15 Hand Cart
33:00 Town Patrol
33:06 Heated Shot
33:28 Masonry
34:39 Bloodlines
34:30 Husbandry
34:31 Elite War Elephant
36:37 Pikeman
37:17 Squires
39:37 Onager
39:44 Halberdier
Connection lost

Rejoining the realm…

Still unreachable

The connection could not be restored.

Session expired

The server has moved on; the page needs a fresh start.